 Dungeon Sprint DCSS version 0.25.1-2-g60ff931df9 (webtiles) character file.

Game seed: 11483465471184155307

111 Cadaver the Cruncher (level 4, -1/29 HPs)
             Began as a Gargoyle Gladiator on Dec 6, 2020.
             Was a Follower of Okawaru.
             Impaled on a porcupine's spines (6 damage)
             ... in the Dungeon (Sprint VII: "The Pits").
             The game lasted 00:00:57 (117 turns).

Cadaver the Cruncher (Gargoyle Gladiator)            Turns: 117, Time: 00:00:58

Health: -1/29      AC:  7    Str: 17    XL:     4   Next: 92%
Magic:  4/4        EV: 12    Int:  9    God:    Okawaru [*.....]
Gold:   0          SH:  0    Dex: 12    Spells: 3/3 levels left

rFire    . . .     SeeInvis .   l - +2 quarterstaff
rCold    . . .     Gourm    .   (shield currently unavailable)
rNeg     + . .     Faith    .   b - +0 leather armour
rPois    ∞         Spirit   .   c - +0 helmet
rElec    +         Reflect  .   (no cloak)
rCorr    .         Harm     .   (no gloves)
MR       .....     NoTele   +   (no boots)
Stlth    +.........             (no amulet)
HPRegen  0.09/turn              (no ring)
MPRegen  0.09/turn              (no ring)

@: no status effects
A: negative energy resistance 1, electricity resistance, unbreathing,
petrification resistance, rot immunity, AC +3
a: Heroism, Renounce Religion


You were in the Dungeon.
You worshipped Okawaru.
Okawaru was aware of your devotion.
You were not hungry.

You visited 1 branch

Inventory:

Hand Weapons
 a - a +0 quarterstaff
 l - a +2 quarterstaff (weapon)
Missiles
 d - a throwing net (quivered)
 r - 10 stones
Armour
 b - a +0 leather armour (worn)
 c - a +0 helmet (worn)
Magical Staves
 s - an uncursed staff of energy
Scrolls
 k - a scroll of blinking
 n - 3 scrolls of remove curse
 o - 5 scrolls of amnesia
 p - a scroll of summoning
 q - 2 scrolls of vulnerability
Potions
 e - a potion of curing
 g - a potion of heal wounds
 h - a potion of haste
 i - 4 potions of magic
 j - 3 potions of berserk rage
 m - 2 potions of invisibility
Comestibles
 f - 9 rations
 t - a chunk of flesh


   Skills:
 + Level 4.0 Fighting
 * Level 9.2 Staves
 - Level 1.7 Throwing
 - Level 2.4 Dodging


You had 3 spell levels left.
You didn't know any spells.
Your spell library was empty.

Dungeon Overview and Level Annotations

Branches:
Dungeon (1/1)

Altars:
Ashenzari
Cheibriados
Dithmenos
Elyvilon
Fedhas
Gozag
Hepliaklqana
Kikubaaqudgha
Makhleb
Nemelex Xobeh
Okawaru
Qazlal
Ru
Sif Muna
Trog
Uskayaw
Vehumet
Wu Jian
Xom
Yredelemnul
Zin
The Shining One
Beogh
Jiyva
Lugonu


Innate Abilities, Weirdness & Mutations

You are resistant to torment.
Your stone body is resilient. (AC +3)
You are immune to poison.
You resist negative energy. (rN+)
You are resistant to electric shocks. (rElec)
You can survive without breathing.
You are immune to petrification.
You are immune to rotting.


Message History

Okawaru accepts your kill.
Throwing (i - inventory. (/) - cycle)
d - 3 throwing nets (quivered)
Press: ? - help, Shift-Dir - straight line, f - porcupine
Aim: a porcupine You throw a throwing net.
The throwing net closely misses the porcupine.
The porcupine bites you!
Throwing (i - inventory. (/) - cycle)
d - 2 throwing nets (quivered)
Press: ? - help, Shift-Dir - straight line, f/p - porcupine
Aim: a porcupine You throw a throwing net.
The throwing net hits the porcupine.
The porcupine is caught in the net!
The porcupine struggles against the net.
You are struck by the porcupine's spines.
* * * LOW HITPOINT WARNING * * *
You hit the porcupine.
The porcupine is lightly wounded.
The porcupine struggles against the net.
You are struck by the porcupine's spines.
You die...

#_______...###########++
##########'##...........
#....')))'.##......#..#
##########.##..........
#...........'...........
+#####÷#####......#..#.
#..#...'.##...........
#..#...#.#####'#####+
#..#####@##.......#
#..'...#r##.......#
#..'...'(##.......#
#..########...<...# #..
#.......# #.. #.......#
### #.......# #########


You could see a porcupine (caught).

Vanquished Creatures
  A floating eye (D)
  An adder zombie (D)
  2 ball pythons (D)
  A quokka (D)
  A frilled lizard (D)
  A quokka skeleton (D)
  A rat (D)
8 creatures vanquished.

Notes
Turn   | Place    | Note
-------+----------+-------------------------------------------
     0 | D        | Cadaver the Gargoyle Gladiator began the quest for the Orb.
     0 | D        | Reached XP level 1. HP: 12/12 MP: 1/1
    42 | D        | Found a glowing golden altar of the Shining One.
    42 | D        | Found a glowing silver altar of Zin.
    42 | D        | Found a basalt altar of Yredelemnul.
    42 | D        | Found a shimmering altar of Xom.
    42 | D        | Found an ornate altar of the Wu Jian Council.
    42 | D        | Found a bloodstained altar of Trog.
    42 | D        | Found a shimmering blue altar of Sif Muna.
    42 | D        | Found a sacrificial altar of Ru.
    42 | D        | Found a stormy altar of Qazlal.
    42 | D        | Found an iron altar of Okawaru.
    42 | D        | Found a sparkling altar of Nemelex Xobeh.
    42 | D        | Found a burning altar of Makhleb.
    42 | D        | Found a viscous altar of Jiyva.
    42 | D        | Found a hazy altar of Hepliaklqana.
    42 | D        | Found an opulent altar of Gozag.
    42 | D        | Found a blossoming altar of Fedhas.
    42 | D        | Found a white marble altar of Elyvilon.
    42 | D        | Found a shadowy altar of Dithmenos.
    42 | D        | Found a snail-covered altar of Cheibriados.
    43 | D        | Found a radiant altar of Vehumet.
    43 | D        | Found a corrupted altar of Lugonu.
    43 | D        | Found a roughly hewn altar of Beogh.
    44 | D        | Found a hide-covered altar of Uskayaw.
    44 | D        | Found an ancient bone altar of Kikubaaqudgha.
    44 | D        | Found a shattered altar of Ashenzari.
    48 | D        | Became a worshipper of Warmaster Okawaru
    61 | D        | Reached skill level 4 in Staves
    72 | D        | Noticed a floating eye
    74 | D        | Killed a floating eye
    74 | D        | Reached * piety under Okawaru
    74 | D        | Reached skill level 9 in Staves
    74 | D        | Reached XP level 2. HP: 20/20 MP: 2/2
    74 | D        | Reached XP level 3. HP: 24/24 MP: 3/3
    74 | D        | Reached XP level 4. HP: 29/29 MP: 4/4
   104 | D        | Noticed a porcupine
   117 | D        | Impaled on a porcupine's spines

Illustrated notes

Levels and vault maps discovered:
D:        pitsprint [storerooms_1, entrance_room_1, metal_vault_4, armoury_2,
          mini_pit_1, grid_room_1, main_hall_1, silver_pit, the_coven_3,
          the_vestibule_1, steel_vault_2, golden_pit, hallway_of_sentries,
          crystal_vault_4, iron_vault_4, final_vault]

Skill      XL: |  1 |
---------------+----+-----
Staves         | 9 |  9.2
Fighting       | 4 |  4.0
Throwing       | |  1.7
Dodging        | |  2.4

Action                   |  1- 3 |  4- 6 || total
-------------------------+-------+-------++-------
Melee: Quarterstaff      |     8 |     8 ||    16
Throw: Throwing net      |       |     2 ||     2
Armor: Leather armour    |     1 |     3 ||     4
Dodge: Dodged            |     5 |     7 ||    12
